 Dungeon Crawl Stone Soup version 0.29.1-12-g30fa7ad0bf (webtiles) character file.

Game seed: 6596298014525121870

6473 LustLizard the Skirmisher (level 10, -2/46 HPs)
             Began as a Spriggan Hunter on Dec 28, 2022.
             Was a Priest of Dithmenos.
             Killed from afar by a steam dragon (17 damage)
             ... with a ball of steam
             ... on level 6 of the Dungeon.
             The game lasted 00:27:35 (11327 turns).

LustLizard the Skirmisher (Spriggan Hunter)        Turns: 11327, Time: 00:27:36

Health: -2/46      AC:  7    Str:  7    XL:     10   Next: 68%
Magic:  14/14      EV: 27    Int: 10    God:    Dithmenos [***...]
Gold:   857        SH:  5    Dex: 24    Spells: 9/9 levels left

rFire   . . .      SeeInvis +   a - +1 shortbow
rCold   . . .      Faith    .   (shield currently unavailable)
rNeg    . . .      Spirit   .   J - +2 robe {Will+}
rPois   .          Reflect  +   C - +2 hat
rElec   .          Harm     .   M - +0 cloak
rCorr   +          Rampage  .   (gloves unavailable)
Will    ++...                   (boots unavailable)
Stlth   +++++++...              N - amulet of reflection
HPRegen 0.15/turn               S - ring of resist corrosion
MPRegen 0.14/turn               H - ring of flight

@: flying, wreathed by umbra, very quick
A: very small, no large weapons, unfitting armour, see invisible, speed 3
a: Renounce Religion, Shadow Step


You were on level 6 of the Dungeon.
You worshipped Dithmenos.
Dithmenos was most pleased with you.
You visited 2 branches of the dungeon, and saw 12 of its levels.
You also visited: Ossuary and Bailey.

You collected 961 gold pieces.
You spent 104 gold pieces at shops.

Inventory:

Hand Weapons
 a - a +1 shortbow (weapon)
Armour
 C - a +2 hat (worn)
 J - a +2 robe of willpower (worn)
 M - a +0 cloak (worn)
 O - a +0 robe of resistance
Jewellery
 n - a ring of willpower
 H - a ring of flight (right hand)
 N - an amulet of reflection (around neck)
 P - a ring of positive energy
 R - a ring of positive energy
 S - a ring of resist corrosion (left hand)
Wands
 v - a wand of flame (12)
 w - a wand of light (7)
 F - a wand of iceblast (15)
 I - a wand of paralysis (2)
Scrolls
 b - 3 scrolls of immolation
 c - a scroll of summoning {unknown}
 d - a scroll of butterflies {unknown}
 e - 2 scrolls of torment {unknown}
 i - a scroll of acquirement {unknown}
 k - 3 scrolls of enchant weapon
 p - 3 scrolls of poison
 q - 2 scrolls of magic mapping {unknown}
 r - 3 scrolls of identify
 s - 2 scrolls of amnesia {unknown}
 x - 8 scrolls of teleportation
 y - 2 scrolls of enchant armour {unknown}
 A - 2 scrolls of vulnerability {unknown}
 B - 2 scrolls of silence {unknown}
 D - 2 scrolls of fear
 K - a scroll of noise
Potions
 f - 6 potions of might
 g - 4 potions of curing
 h - 5 potions of flight
 j - 2 potions of haste
 l - a potion of magic
 m - a potion of ambrosia
 o - 2 potions of cancellation
 t - 2 potions of lignification
 u - a potion of berserk rage {unknown}
 z - 2 potions of invisibility
 E - 2 potions of mutation
 G - 3 potions of heal wounds
 L - a potion of attraction {unknown}
Miscellaneous
 Q - a box of beasts


   Skills:
 - Level 1.5 Fighting
 * Level 12.6 Ranged Weapons
 * Level 9.7 Dodging
 - Level 10.6 Stealth
 + Level 4.8 Invocations


You had 9 spell levels left.
You didn't know any spells.
Your spell library contained the following spells:

 Spells                   Type           Power      Damage    Failure   Level
 Shock                    Conj/Air       0%         1d3       36%         1
 Ensorcelled Hibernation  Hex/Ice        0%         N/A       50%         2
 Passwall                 Tmut/Erth      0%         N/A       50%         2
 Inner Flame              Hex/Fire       0%         N/A       75%         3
 Swiftness                Air            0%         N/A       75%         3
 Airstrike                Air            0%         2d(0-16)  98%         4
 Cause Fear               Hex            0%         N/A       98%         4
 Petrify                  Tmut/Erth      0%         N/A       98%         4
 Fireball                 Conj/Fire      0%         3d3       100%        5
 Metabolic Englaciation   Hex/Ice        0%         N/A       100%        5
 Starburst                Conj/Fire      0%         6d3       100%        6
 Statue Form              Tmut/Erth      0%         N/A       100%        6
 Discord                  Hex            0%         N/A       100%        8
 Ignition                 Fire           0%         3d3       100%        8


Dungeon Overview and Level Annotations

Branches:
Dungeon (11/15)            Temple (1/1) D:7            Lair (0/5) D:8
Ossuary (visited)          Bailey (visited)
    Orc: D:9-12

Altars:
Ashenzari
Cheibriados
Dithmenos
Elyvilon
Fedhas
Gozag
Hepliaklqana
Kikubaaqudgha
Makhleb
Nemelex Xobeh
Sif Muna
Trog
Uskayaw
Vehumet
Xom
Yredelemnul
Zin
The Shining One

Shops:
D:7 =   D:8 ?

Portals:
Trove: D:11 (show abyssal rune of Zot)

Annotations:
D:6 1 exclusion
D:8 exclusion: killer bee, Gastronok
D:10 1 runed translucent door, Jingleheimer's ghost, novice MiGl
D:11 exclusions: boulder beetle and cyclops


Innate Abilities, Weirdness & Mutations

You are very small and have problems with some larger weapons.
You are too small for most types of armour.
You have supernaturally acute eyesight. (SInv)
You cover ground extremely quickly. (Speed+++)


Message History

Aim: a steam dragon (severely wounded, umbra, 71% to hit)
You shoot an arrow.
The arrow closely misses the steam dragon.
You are engulfed in a cloud of scalding steam.
The steam dragon bites you but does no damage.
The steam dragon closely misses you.
Fire: a) +1 shortbow
Press: ? - help, Q - select action, (/) - cycle Shift-Dir - straight line, f/p - steam dragon
Aim: a steam dragon (severely wounded, umbra, 71% to hit)
You shoot an arrow.
The arrow hits the steam dragon but does no damage.
The steam dragon is severely wounded.
The steam dragon misses you. You block the steam dragon's attack.
Fire: a) +1 shortbow
Press: ? - help, Q - select action, (/) - cycle Shift-Dir - straight line, f/p - steam dragon
Aim: a steam dragon (severely wounded, umbra, 71% to hit)
You shoot an arrow. The arrow hits the steam dragon!
The steam dragon is almost dead.
The steam dragon breathes steam at you. The ball of steam misses you.
Fire: a) +1 shortbow
Press: ? - help, Q - select action, (/) - cycle Shift-Dir - straight line, f/p - steam dragon
Aim: a steam dragon (almost dead, catching its breath, umbra, 71% to hit)
Okay, then.
Fire: a) +1 shortbow
Press: ? - help, Q - select action, (/) - cycle Shift-Dir - straight line, f/p - steam dragon
Aim: a steam dragon (almost dead, catching its breath, umbra, 71% to hit)
You shoot an arrow.
The arrow closely misses the steam dragon.
You are engulfed in a cloud of scalding steam.
The steam dragon completely misses you. x2
Fire: a) +1 shortbow
Press: ? - help, Q - select action, (/) - cycle Shift-Dir - straight line, f/p - steam dragon
Aim: a steam dragon (almost dead, umbra, 71% to hit)
You shoot an arrow.
The arrow hits the steam dragon but does no damage.
The steam dragon is almost dead.
The steam dragon breathes steam at you. The ball of steam hits you!
You die...

...#...........#≈...##
...#...........#≈..##
...'...........#≈.####
..###...####'###≈.§§:#
..###...##....###≈§...# .##.
...#..........###≈§8.......#
...#..........'§#§≈...#....#
...'..........#.##≈≈.##....####
...#..........#D@##### ......#
..########....##....# ..D..#
..##....##....##....####.D...##
........##....##.....).........
........#......................
........#......................
........#......................
###############################


You could see a steam dragon (catching breath).

Vanquished Creatures
  A two-headed ogre (D:9)
  An ugly thing (D:11)
  2 shadows
  5 yaks (D:11)
  A vampire (D:11)
  Menkaure (D:5)
  8 orc warriors
  An ice beast (D:8)
  A black bear (D:7)
  2 sky beasts (D:8)
  2 ogres
  5 centaurs
  2 phantoms (D:6)
  An elf zombie (Ossuary)
  A bullfrog (D:8)
  A necrophage (D:6)
  2 scorpions
  13 wights
  4 howler monkeys
  A crimson imp (D:9)
  4 hounds
  2 jellies
  A centaur zombie (Ossuary)
  2 gnoll boudas
  3 human zombies (Ossuary)
  4 orc priests
  An iguana (D:7)
  Terence (D:3)
  Jessica (D:3)
  12 orc wizards
  2 mummies (Ossuary)
  7 gnolls
  11 adders
  A shadow imp (D:7)
  A white imp (D:8)
  2 ufetubi
  An adder zombie (Ossuary)
  2 worms
  41 orcs
  4 bats
  15 endoplasms
  2 giant cockroaches
  4 goblins
  8 hobgoblins
  2 jackals (D:3)
  5 quokkas
  7 ball pythons
  8 frilled lizards
  A goblin zombie (Ossuary)
  7 hobgoblin zombies (Ossuary)
  2 jackal zombies (Ossuary)
  16 kobolds
  11 kobold zombies (Ossuary)
  8 orc zombies (Ossuary)
  6 rats
  2 rat zombies (Ossuary)
262 creatures vanquished.

Vanquished Creatures (others)
  A butterfly (D:3)
  2 fungi
  10 plants
13 creatures vanquished.

Grand Total: 275 creatures vanquished

Notes
Turn   | Place    | Note
-------+----------+-------------------------------------------
     0 | D:1      | LustLizard the Spriggan Hunter began the quest for the Orb.
     0 | D:1      | Reached XP level 1. HP: 10/10 MP: 2/2
   113 | D:1      | Reached XP level 2. HP: 14/14 MP: 3/3
   115 | D:1      | Found a faded altar of an unknown god.
   754 | D:1      | Reached XP level 3. HP: 18/18 MP: 4/4
  1091 | D:2      | Reached skill level 5 in Ranged Weapons
  1313 | D:2      | Reached XP level 4. HP: 22/22 MP: 5/5
  1953 | D:3      | Noticed Terence
  1997 | D:3      | Killed Terence
  1998 | D:3      | Reached XP level 5. HP: 25/25 MP: 6/6
  2069 | D:3      | Noticed Jessica
  2070 | D:3      | Killed Jessica
  2115 | D:3      | Found a white marble altar of Elyvilon.
  2628 | D:4      | Reached skill level 6 in Ranged Weapons
  2673 | D:4      | Reached skill level 5 in Stealth
  3011 | D:4      | Noticed an ogre
  3041 | D:4      | Killed an ogre
  3042 | D:4      | Reached XP level 6. HP: 30/30 MP: 7/7
  3255 | D:4      | Reached skill level 7 in Ranged Weapons
  3554 | D:4      | You fall into a shaft and drop 1 floor!
  3554 | D:5      | Entered Level 5 of the Dungeon
  3608 | D:5      | Noticed Menkaure
  3761 | D:5      | Found an opulent altar of Gozag.
  3783 | D:5      | Reached XP level 7. HP: 33/33 MP: 8/8
  4284 | D:6      | Reached skill level 8 in Ranged Weapons
  4635 | D:6      | Noticed a steam dragon
  4819 | D:6      | Noticed a steam dragon
  4819 | D:6      | Noticed a steam dragon
  4923 | D:7      | Reached XP level 8. HP: 37/37 MP: 9/9
  5238 | D:7      | Reached skill level 9 in Ranged Weapons
  5314 | D:7      | Found a flagged portal.
  5330 | Bailey   | Entered a bailey
  5748 | Bailey   | Reached skill level 10 in Ranged Weapons
  5748 | Bailey   | Reached skill level 10 in Stealth
  6187 | D:7      | Found Xauk's Jewellery Shoppe.
  6494 | D:7      | Found a staircase to the Ecumenical Temple.
  6513 | Temple   | Entered the Ecumenical Temple
  6551 | Temple   | Became a worshipper of Dithmenos the Shadowed
  6567 | D:8      | Found Elikype's Magic Scroll Shop.
  6572 | D:8      | Bought a scroll of teleportation for 39 gold pieces
  6572 | D:8      | Bought a scroll of poison for 52 gold pieces
  6572 | D:8      | Bought a scroll of noise for 13 gold pieces
  6641 | D:8      | Noticed Gastronok
  6642 | D:8      | Reached XP level 9. HP: 35/41 MP: 10/10
  6679 | D:8      | Found a sand-covered staircase.
  6803 | D:8      | Reached skill level 1 in Invocations
  6850 | Ossuary  | Entered an ossuary
  7076 | Ossuary  | Reached * piety under Dithmenos
  7450 | D:8      | Reached skill level 11 in Ranged Weapons
  7450 | D:8      | Reached skill level 5 in Dodging
  7945 | D:8      | Found a staircase to the Lair.
  7988 | D:9      | Noticed a two-headed ogre
  8013 | D:9      | Found a broken altar of Ashenzari.
  8070 | D:9      | Found a bloodstained altar of Trog.
  8111 | D:9      | Found a sparkling altar of Nemelex Xobeh.
  8227 | D:9      | Killed a two-headed ogre
  8267 | D:9      | Reached ** piety under Dithmenos
  8453 | D:9      | Reached XP level 10. HP: 43/46 MP: 13/13
  8771 | D:9      | Found a radiant altar of Vehumet.
  8774 | D:9      | Found a burning altar of Makhleb.
  8932 | D:10     | Entered Level 10 of the Dungeon
  9138 | D:10     | Found a runed translucent door.
  9139 | D:10     | Identified the +3 battleaxe of Saryhyca {pain, Dex+4}
  9222 | D:10     | Found a glowing silver altar of Zin.
  9291 | D:10     | Reached skill level 12 in Ranged Weapons
  9301 | D:10     | Identified the +5 spear of the Magi {freeze, rN+}
  9303 | D:10     | Noticed Jingleheimer's ghost (novice MiGl)
  9654 | D:11     | Noticed a cyclops
  9827 | D:11     | Noticed a gargoyle
 10020 | D:11     | Noticed a cyan ugly thing
 10110 | D:11     | Killed a cyan ugly thing
 10376 | D:11     | Reached *** piety under Dithmenos
 10540 | D:11     | Found a portal to a secret trove of treasure.
 10559 | D:11     | Noticed a boulder beetle
 11086 | D:5      | Killed Menkaure
 11327 | D:6      | Killed from afar by a steam dragon

Illustrated notes

Levels and vault maps discovered:
D:1:      dpeg_arrival_rooms_with_view, layout_basic,
          ebering_ecumenical_altar_box, minmay_ruptured
D:2:      layout_loops_ring, grunt_decor_mini_mirrors
D:3:      layout_loops_ring, nicolae_elyvilon_peaceful_grove,
          kennysheep_generic_room_5, uniq_terence, uniq_jessica
D:4:      layout_basic, eino_tiny_chamber, palyth_stone_intersect
D:5:      layout_rooms, mainiacjoe_overflow_alcove_4, uniq_menkaure
D:6:      cheibrodos_steamvent, layout_gridville, uniq_crazy_yiuf_cottage
D:7:      layout_loops_ring, minmay_temple_entry_hall, enter_bailey_6,
          serial_shops, shop
D:8:      layout_gridville, lair_entry_dummy, serial_shops,
          nicolae_diamond_shop, shop, enter_ossuary_1, uniq_gastronok,
          uniq_maggie
D:9:      layout_basic, grunt_temple_overflow_lords_of_destruction,
          nemelex_altar_shiori, mainiacjoe_overflow_small_starburst, bloody_trog
D:10:     layout_cave_pools, zin_academy, ebering_ghost_funeral_grove
D:11:     kennysheep_spiral_hall, layout_long_grid, david_orc_4, enter_trove_0,
          ebering_dispersal_statue_hall
Temple:   nicolae_temple_two_arcs

Skill      XL: |  1  2  3  4  5  6  7  8  9 10 |
---------------+-------------------------------+-----
Stealth        | 2 3 4 5 6 8 10 | 10.6
Ranged Weapons | 5 6 7 8 10 11 12 | 12.6
Dodging        | 7 9 |  9.7
Invocations    | 3 4 |  4.8
Fighting       | |  1.5

Action                   |  1- 3 |  4- 6 |  7- 9 | 10-12 || total
-------------------------+-------+-------+-------+-------++-------
 Fire: Shortbow          |   108 |   119 |   587 |   234 ||  1048
  Use: Scroll            |       |     3 |     7 |     3 ||    13
       Potion            |       |     3 |       |       ||     3
Armor: Robe              |     3 |     2 |     8 |     6 ||    19
Dodge: Dodged            |    25 |    37 |   128 |    46 ||   236
Block: Other             |       |       |     8 |    10 ||    18
       Reflection        |       |       |       |     1 ||     1
